 Dungeon Crawl Stone Soup version 0.30-a0-381-g6ea064c7b4 (webtiles) character file.

Game seed: 2564052610876952565

36 lunkers the Slasher (level 3, -2/31 HPs)
             Began as a Meteoran Fighter on Dec 1, 2022.
             Slain by a gnoll
             ... wielding a +0 flail
              (8 damage)
             ... on level 2 of the Dungeon.
             The game lasted 00:02:08 (613 turns).

lunkers the Slasher (Meteoran Fighter)               Turns: 613, Time: 00:02:10

Health: -2/31      AC:  8    Str: 20    XL:     3   Next: 82%
Magic:  4/4        EV:  9    Int:  9    God:
Gold:   49         SH:  5    Dex: 13    Spells: 2/2 levels left

rFire   . . .      SeeInvis +    a - +0 long sword
rCold   . . .      Faith    .    c - +0 buckler
rNeg    . . .      Spirit   .    b - +0 scale mail
rPois   .          Reflect  .    (no helmet)
rElec   .          Harm     .    k - +0 cloak
rCorr   .          Rampage  .    (no gloves)
Will    .....                    (no boots)
Stlth   ..........               (no amulet)
HPRegen 0.25/turn                h - ring of see invisible
MPRegen 0.09/turn                (no ring)

@: glowing
A: sense surroundings 1, otherworldly, glowing, explore regen
a: no special abilities


You were on level 2 of the Dungeon.
You visited 1 branch of the dungeon, and saw 3 of its levels.

You collected 49 gold pieces.

Inventory:

Hand Weapons
 a - a +0 long sword (weapon)
Armour
 b - a +0 scale mail (worn)
 c - a +0 buckler (worn)
 k - a +0 cloak (worn)
Jewellery
 h - a ring of see invisible (left hand)
Scrolls
 e - a scroll of noise {unknown}
 f - a scroll of immolation {unknown}
 g - a scroll of teleportation {unknown}
 j - 3 scrolls of identify {unknown}
Potions
 d - a potion of might
 i - a potion of degeneration {unknown}
 l - 2 potions of heal wounds {unknown}
 m - 2 potions of curing {unknown}


   Skills:
 - Level 3.2 Fighting
 * Level 4.5 Long Blades
 - Level 3.6 Armour
 - Level 3.6 Shields


You had 2 spell levels left.
You didn't know any spells.
Your spell library was empty.

Dungeon Overview and Level Annotations

Branches:
Dungeon (3/15) Zot: 1166

Altars:


Innate Abilities, Weirdness & Mutations

You passively map a small area around you.
You are easily found by Zot.
You glow in the dark.
You regain HP and MP as you explore.


Message History

The gnoll hits you but does no damage. x2
You hit the gnoll.
The gnoll is almost dead.
The gnoll closely misses you. The gnoll hits you with a +0 halberd!
* * * LOW HITPOINT WARNING * * *
You hit the gnoll.
You kill the gnoll!
The gnoll hits you with a +0 flail.
* * * LOW HITPOINT WARNING * * *
You barely miss the gnoll. The gnoll barely misses you.
You hit the gnoll.
The gnoll is moderately wounded.
The gnoll hits you with a +0 flail.
* * * LOW HITPOINT WARNING * * *
The gnoll hits you with a +0 flail.
* * * LOW HITPOINT WARNING * * *
You closely miss the gnoll.
The gnoll is moderately wounded.
The gnoll closely misses you.
You hit the gnoll but do no damage.
The gnoll is moderately wounded.
The gnoll closely misses you.
You barely miss the gnoll.
The gnoll is moderately wounded.
You block the gnoll's attack.
You hit the gnoll but do no damage.
The gnoll is moderately wounded.
The gnoll hits you but does no damage.
You hit the gnoll.
The gnoll is heavily wounded.
The gnoll misses you.
You closely miss the gnoll.
The gnoll is heavily wounded.
The gnoll hits you with a +0 flail.
* * * LOW HITPOINT WARNING * * *
The gnoll barely misses you.
You completely miss the gnoll.
The gnoll is heavily wounded.
The gnoll hits you with a +0 flail!
You die...

.......## .. ...........
.........##.# #..........
.........#.. #..........
.........#.##,#..........
..........#..#.#.......###
..........................
..........................
.........>g............... ,
.........@##.#.#..[.......
..........##..............
,,........................).
, ,
.......................... ,
#......................... ,
#....####.................
).... #.................
#... *##...........).....
..., .....................


You could see a gnoll.

Vanquished Creatures
  A gnoll (D:2)
  A dart slug (D:2)
  4 ball pythons (D:1)
  An endoplasm (D:1)
  A giant cockroach (D:2)
  A goblin (D:3)
  A hobgoblin (D:3)
  4 jackals (D:1)
  A kobold (D:1)
  2 bats
  5 frilled lizards
  A rat (D:1)
23 creatures vanquished.

Notes
Turn   | Place    | Note
-------+----------+-------------------------------------------
     0 | D:1      | lunkers the Meteoran Fighter began the quest for the Orb.
     0 | D:1      | Reached XP level 1. HP: 19/19 MP: 2/2
   158 | D:1      | Reached skill level 3 in Long Blades
   158 | D:1      | Reached XP level 2. HP: 24/26 MP: 3/3
   304 | D:1      | Found a faded altar of an unknown god.
   310 | D:1      | Reached XP level 3. HP: 31/31 MP: 4/4
   425 | D:2      | Reached skill level 4 in Long Blades
   613 | D:2      | Slain by a gnoll

Illustrated notes

Levels and vault maps discovered:
D:1:      spicycebolla_green_bress_n_ham, layout_loops_corners,
          chequers_ecumenical_altar_simple
D:2:      layout_basic, serial_shops, shop_statue
D:3:      layout_basic, nicolae_sif_muna_little_library, dk_vineyard_3,
          kennysheep_generic_room_9

Skill      XL: |  1  2  3 |
---------------+----------+-----
Long Blades    | 3 4 |  4.5
Fighting       | |  3.2
Armour         | |  3.6
Shields        | |  3.6

Action                   || total
-------------------------++-------
Melee: Long sword        ||    76
Armor: Scale mail        ||    52
Dodge: Dodged            ||    39
Block: Buckler           ||    21

Table legend: (Time is in decaauts)
 A = Elapsed time spent in this place.
 B = Non-inter-level travel time spent in this place.
 C = Inter-level travel time spent in this place.
 D = Time resting spent in this place.
 E = Time spent auto-exploring this place.
 F = Levels seen in this place.
 G = Mean time per level.
                   A        B        C        D        E       F      G
               +--------+--------+--------+--------+--------+-----+--------+
         Total |    632 |    632 |      0 |      0 |    392 |   3 |  210.7 |
       Dungeon |    632 |    632 |      0 |      0 |    392 |   3 |  210.7 |
               +--------+--------+--------+--------+--------+-----+--------+

Top non-repeatable levels by time:
     D:1: 372 daAuts
     D:2: 160 daAuts
     D:3: 99 daAuts
